 Dungeon Crawl Stone Soup version 0.24-a0-269-g32ec7ca (webtiles) character file.

Game seed: 858494352491735700

13639 Dantiko the Brawler (level 12, -4/60 HPs)
             Began as a Vine Stalker Fighter on Apr 22, 2019.
             Was a High Priest of Zin.
             Slain by a skeletal warrior
             ... wielding a +0 glaive
             ... led by a skeletal warrior
              (16 damage)
             ... on level 11 of the Dungeon on Apr 23, 2019.
             The game lasted 00:31:26 (10473 turns).

Dantiko the Brawler (Vine Stalker Fighter)         Turns: 10473, Time: 00:31:27

Health: -4/60      AC: 15    Str: 23    XL:     12   Next: 8%
Magic:  0/18       EV:  8    Int:  8    God:    Zin [*****.]
Gold:   727        SH: 10    Dex: 15    Spells: 15/15 levels left

rFire    . . .     SeeInvis .     - Unarmed
rCold    . . .     Gourm    .   b - +0 shield
rNeg     + . .     Faith    .   x - +0 plate armour
rPois    .         Spirit   +   N - +2 hat
rElec    .         Reflect  .   K - +0 cloak
rCorr    .         Harm     .   J - +0 pair of gloves
MR       +....                  (no boots)
Stlth    ..........             h - amulet of magic regeneration
HPRegen  1.00/turn              y - ring of Optimism {rN+ Slay+3}
MPRegen  0.41/turn              w - +3 ring of evasion

@: no status effects
A: fangs 3, regeneration 2, magic shield, antimagic bite, no potion heal 3, rot
immunity
a: Recite, Vitalisation, Imprison, Sanctuary, Donate Gold, Renounce Religion


You were on level 11 of the Dungeon.
You worshipped Zin.
Zin was extremely pleased with you.
You were not hungry.

You visited 2 branches of the dungeon, and saw 12 of its levels.

You collected 807 gold pieces.
You donated 80 gold pieces to Zin.

Inventory:

Armour
 b - a +0 shield (worn)
 x - a +0 plate armour (worn)
 G - the +1 scale mail of Gluttony {+Inv rF- MR+++ Stlth+}
   (You found it on level 7 of the Dungeon)

   It makes you vulnerable to fire.
   It affects your resistance to hostile enchantments.
   It lets you turn invisible.
   It makes you more stealthy.
 J - a +0 pair of gloves (worn)
 K - a +0 cloak (worn)
 N - a +2 hat (worn)
Jewellery
 h - an amulet of magic regeneration (around neck)
 k - an uncursed ring of protection from cold
 n - an uncursed ring of resist corrosion
 w - a +3 ring of evasion (right hand)
 y - the ring of Optimism (left hand) {rN+ Slay+3}
   (You found it on level 4 of the Dungeon)

   [ring of positive energy]

   It affects your accuracy and damage with ranged weapons and melee attacks
   (+3).
   It protects you from negative energy.
 I - an uncursed ring of protection from fire
Wands
 M - a wand of enslavement (4)
Scrolls
 g - 10 scrolls of teleportation
 i - a scroll of noise {unknown}
 m - 2 scrolls of enchant weapon {unknown}
 o - 2 scrolls of amnesia
 p - 2 scrolls of blinking
 r - 9 scrolls of remove curse
 v - a scroll of random uselessness
 E - 2 scrolls of enchant armour {unknown}
 H - a scroll of fog {unknown}
 L - 4 scrolls of identify
Potions
 a - a potion of brilliance
 c - a potion of might
 e - 7 potions of curing
 f - 3 potions of berserk rage
 j - 5 potions of ambrosia {unknown}
 q - 2 potions of resistance {unknown}
 t - 2 potions of invisibility
 u - 4 potions of flight {unknown}
 z - a potion of haste {unknown}
 A - a potion of lignification {unknown}
 B - 2 potions of heal wounds {unknown}
 D - 2 potions of mutation {unknown}
 F - a potion of cancellation {unknown}
Miscellaneous
 l - a lightning rod (4/4)
Comestibles
 d - 22 rations
 s - 2 chunks of flesh


   Skills:
 - Level 5.0 Fighting
 - Level 2.4 Armour
 - Level 2.0 Dodging
 - Level 5.3 Shields
 + Level 15.0 Unarmed Combat
 - Level 2.2 Spellcasting
 + Level 7.7 Invocations


You had 15 spell levels left.
You didn't know any spells.
Your spell library contained the following spells:

 Spells                   Type           Power        Failure   Level  Hunger
 Infusion                 Chrm           #...         100%        1    ##.....
 Sandblast                Erth           #.....       100%        1    ##.....
 Summon Small Mammal      Summ           #...         100%        1    ##.....
 Call Imp                 Summ           #.......     100%        2    ###....
 Passwall                 Tmut/Erth      #.......     100%        2    ###....
 Shroud of Golubria       Chrm/Tloc      #.........   100%        2    ###....
 Song of Slaying          Chrm           #.......     100%        2    ###....
 Call Canine Familiar     Summ           #.......     100%        3    ####...
 Regeneration             Chrm/Necr      #.........   100%        3    ####...
 Spectral Weapon          Hex/Chrm       #.......     100%        3    ####...
 Stone Arrow              Conj/Erth      #.....       100%        3    ####...
 Summon Guardian Golem    Hex/Summ       #.......     100%        3    ####...
 Petrify                  Tmut/Erth      #.......     100%        4    #####..
 Summon Ice Beast         Ice/Summ       #.......     100%        4    #####..
 Summon Lightning Spire   Summ/Air       #.......     100%        4    #####..
 Lee's Rapid Deconstruct  Erth           #.........   100%        5    ######.


Dungeon Overview and Level Annotations

Branches:
Dungeon (11/15)            Temple (1/1) D:5             Orc (0/2) D:9
   Lair: D:8-11

Altars:
Ashenzari
Cheibriados
Dithmenos
Elyvilon
Fedhas
Gozag
Hepliaklqana
Kikubaaqudgha
Makhleb
Nemelex Xobeh
Okawaru
Qazlal
Ru
Sif Muna
Trog
Uskayaw
Vehumet
Wu Jian
Xom
Yredelemnul
Zin
The Shining One

Annotations:
D:4 2 runed translucent doors


Innate Abilities, Weirdness & Mutations

You have razor-sharp teeth.
You heal very quickly.
When hurt, damage is shared between your health and your magic reserves.
Your bite disrupts and absorbs the magic of your enemies.
Potions cannot restore your health.
You are immune to rotting.


Message History

You punch the skeletal warrior! You bite the skeletal warrior.
You drain its power.
You feel invigorated.
The skeletal warrior is heavily damaged.
You hit the skeletal warrior. Your bite misses the skeletal warrior.
The skeletal warrior is severely damaged.
The skeletal warrior hits you but does no damage.
You barely miss the skeletal warrior. Your bite misses the skeletal warrior.
The skeletal warrior is severely damaged.
The skeletal warrior closely misses you.
You punch the skeletal warrior! Your bite misses the skeletal warrior.
The skeletal warrior is severely damaged.
The skeletal warrior hits you from afar with a +0 glaive!!
You barely miss the skeletal warrior. You bite the skeletal warrior!
You drain its power.
You feel invigorated.
The skeletal warrior is almost destroyed.
The skeletal warrior hits you with a +0 battleaxe!!
* * * LOW HITPOINT WARNING * * *
There is a stone staircase leading up, spattered with blood here.
The skeletal warrior hits you from afar with a +0 glaive!!
You die...

#..................#(#
#..................#.#
#..................#.#
#..................#.#
#..................#.#
#.....................
#...................##
#...[#####...#...#####
#....@...#...#...#..#
#....z<..#...#...#..#
#......z.#...#...#..#
######...##########'##
#.....................
#.....................
#.....................
#.....................
#.....................


You could see 2 skeletal warriors.

Vanquished Creatures
  Gastronok (D:10)
  3 two-headed ogres
  A skeletal warrior (D:11)
  2 unseen horrors
  Maurice (D:10)
  A hippogriff (D:8)
  A wraith (D:10)
  Eustachio (D:6)
  2 yaks (D:8)
  2 hogs (D:8)
  A human (D:8)
  3 wyverns
  Grum (D:11)
  A hungry ghost (D:9)
  A soldier ant (D:10)
  2 water moccasins
  5 orc warriors
  A phantom (D:3)
  2 black bears
  5 ogres
  3 ice beasts
  A necrophage (D:4)
  An eye of draining (D:11)
  4 wolves
  3 centaurs
  A crocodile (D:7)
  4 bullfrogs
  3 scorpions
  A water moccasin skeleton (D:4)
  10 killer bees
  10 wights
  3 howler monkeys
  A centaur zombie (D:7)
  12 crimson imps
  A quasit (D:8)
  6 hounds
  4 bullfrog skeletons
  6 orc priests
  3 centaur skeletons
  A gnoll shaman (D:5)
  10 orc wizards
  5 iguanas
  5 worker ants
  A hound zombie (D:9)
  A howler monkey skeleton (D:6)
  11 gnolls
  23 adders
  5 shadow imps
  3 oozes
  An adder zombie (D:7)
  5 worms
  8 dart slugs (D:4)
  2 leopard geckos
  50 orcs
  A ball python (D:4)
  7 bats
  7 giant cockroaches
  9 hobgoblins
  14 jackals
  7 quokkas
  4 frilled lizards
  2 giant cockroach zombies
  9 goblins
  8 kobolds
  6 rats
319 creatures vanquished.

Vanquished Creatures (others)
  An orc wizard (D:9)
1 creature vanquished.

Grand Total: 320 creatures vanquished

Notes
Turn   | Place    | Note
-------+----------+-------------------------------------------
     0 | D:1      | Dantiko the Vine Stalker Fighter began the quest for the
                  | Orb.
     0 | D:1      | Reached XP level 1. HP: 11/11 MP: 2/2
    88 | D:1      | Reached XP level 2. HP: 11/16 MP: 1/3
   332 | D:1      | Reached skill level 3 in Unarmed Combat
   577 | D:1      | Reached XP level 3. HP: 19/19 MP: 4/4
   950 | D:2      | Found a faded altar of an unknown god.
  1153 | D:2      | Noticed an orc warrior
  1154 | D:2      | Found an opulent altar of Gozag.
  1161 | D:2      | Found a transporter.
  1263 | D:2      | Reached skill level 4 in Unarmed Combat
  1603 | D:2      | Found a transporter.
  1906 | D:2      | Gained mutation: Your natural rate of healing is unusually
                  | fast. [Vine Stalker growth]
  1906 | D:2      | Reached XP level 4. HP: 14/23 MP: 5/5
  2067 | D:2      | Killed an orc warrior
  2067 | D:2      | Reached skill level 5 in Unarmed Combat
  2067 | D:2      | Reached XP level 5. HP: 7/27 MP: 2/6
  2161 | D:3      | Found an opulent altar of Gozag.
  2966 | D:4      | Noticed a phantom
  2990 | D:4      | Noticed an ogre
  3015 | D:3      | HP: 1/28 [ogre/+0 giant club (4)]
  3132 | D:4      | Reached XP level 6. HP: 32/32 MP: 7/7
  3352 | D:4      | Reached skill level 6 in Unarmed Combat
  3540 | D:4      | Got a brightly glowing turquoise ring
  3542 | D:4      | Identified the ring of Optimism {rN+ Slay+3} (You found it
                  | on level 4 of the Dungeon)
  3563 | D:4      | Reached skill level 1 in Dodging
  3668 | D:4      | Found a burning altar of Makhleb.
  3668 | D:4      | Found a faded altar of an unknown god.
  3673 | D:4      | Found a hazy altar of Hepliaklqana.
  3675 | D:4      | Found a sacrificial altar of Ru.
  3676 | D:4      | Found a faded altar of an unknown god.
  3724 | D:4      | Found a large runed translucent door.
  3724 | D:4      | Found a large runed translucent door.
  3727 | D:4      | Found a large runed translucent door.
  3727 | D:4      | Found a large runed translucent door.
  3731 | D:4      | Noticed a necrophage
  3755 | D:4      | Reached XP level 7. HP: 36/36 MP: 8/8
  3837 | D:4      | Reached skill level 7 in Unarmed Combat
  3979 | D:4      | Reached skill level 1 in Spellcasting
  4475 | D:3      | Reached skill level 8 in Unarmed Combat
  4475 | D:3      | Gained mutation: You have razor-sharp teeth. [Vine Stalker
                  | growth]
  4475 | D:3      | Reached XP level 8. HP: 35/40 MP: 10/12
  4566 | D:5      | Entered Level 5 of the Dungeon
  4623 | D:5      | Found a sparkling altar of Nemelex Xobeh.
  4740 | D:5      | Reached skill level 9 in Unarmed Combat
  4977 | D:5      | Found a staircase to the Ecumenical Temple.
  5168 | Temple   | Entered the Ecumenical Temple
  5408 | Temple   | Became a worshipper of Zin the Law-Giver
  5408 | Temple   | Reached * piety under Zin
  5657 | D:6      | Reached skill level 10 in Unarmed Combat
  5664 | D:6      | Noticed Eustachio
  5701 | D:6      | Killed Eustachio
  5701 | D:6      | Reached XP level 9. HP: 42/44 MP: 11/13
  5764 | D:6      | Reached ** piety under Zin
  6008 | D:6      | Reached skill level 11 in Unarmed Combat
  6234 | D:7      | Got a slimy scale mail
  6247 | D:7      | Identified the +1 scale mail of Gluttony {+Inv rF- MR+++
                  | Stlth+} (You found it on level 7 of the Dungeon)
  6311 | D:7      | Found a sacrificial altar of Ru.
  6513 | D:7      | Found a glowing golden altar of the Shining One.
  6514 | D:7      | Found a white marble altar of Elyvilon.
  6552 | D:7      | Found a shimmering altar of Xom.
  6682 | D:7      | Reached *** piety under Zin
  6946 | D:8      | Noticed a two-headed ogre
  6960 | D:8      | Killed a two-headed ogre
  6960 | D:8      | Reached skill level 5 in Shields
  6960 | D:8      | Reached skill level 12 in Unarmed Combat
  6960 | D:8      | Reached XP level 10. HP: 33/49 MP: 8/14
  7688 | D:8      | Reached skill level 13 in Unarmed Combat
  8140 | D:9      | Reached skill level 5 in Fighting
  8171 | D:9      | Found a staircase to the Orcish Mines.
  8264 | D:9      | Reached **** piety under Zin
  8372 | D:9      | Reached skill level 1 in Invocations
  8534 | D:9      | Noticed a two-headed ogre
  8540 | D:9      | Killed a two-headed ogre
  8540 | D:9      | Reached XP level 11. HP: 48/55 MP: 15/15
  8814 | D:10     | Entered Level 10 of the Dungeon
  8822 | D:10     | Reached ***** piety under Zin
  8832 | D:10     | Reached skill level 14 in Unarmed Combat
  8863 | D:10     | Noticed Gastronok
  8883 | D:10     | Killed Gastronok
  8943 | D:10     | Killed an unseen horror
  8943 | D:10     | Reached skill level 5 in Invocations
  9024 | D:10     | Noticed a two-headed ogre
  9040 | D:10     | Killed a two-headed ogre
  9351 | D:10     | Noticed Maurice
  9369 | D:10     | Killed Maurice
  9650 | D:11     | Noticed Grum
  9696 | D:11     | Killed Grum
  9733 | D:11     | Noticed an eight-headed hydra
 10139 | D:11     | Killed an unseen horror
 10139 | D:11     | Gained mutation: You heal very quickly. [Vine Stalker
                  | growth]
 10139 | D:11     | Reached XP level 12. HP: 26/60 MP: 10/18
 10422 | D:11     | Reached skill level 15 in Unarmed Combat
 10473 | D:11     | Slain by a skeletal warrior

Levels and vault maps discovered:
D:1:      mainiacjoe_arrival_reflecting_pool, layout_basic
D:2:      layout_basic, gammafunk_temple_overflow_arena,
          chequers_ecumenical_altar_simple, minivault_27, cheibrodos_gnoll_hut
D:3:      layout_loops_ring, serial_park_tiny_2, grunt_gozag_statues
D:4:      kennysheep_slugbush, layout_cave_pods,
          chequers_temple_overflow_minitemple, first_ration,
          minmay_hollow_rounded_squares
D:5:      layout_cave_pools, marbit_many_paths, temple_doors_cd
D:6:      layout_basic, uniq_eustachio
D:7:      layout_loops_ring, chequers_temple_overflow_statue_of_worship,
          nicolae_ru_great_annihilating_truth
D:8:      layout_gridville, grunt_livestock
D:9:      layout_irregular_city, hiddenorc2_lemuel
D:10:     layout_loops_ring, uniq_gastronok, uniq_maurice
D:11:     layout_grid_maze, lair_entry_dummy, serial_bayou_pond_a,
          abandoned_shop, nicolae_benzene_ring, uniq_grum
Temple:   dpeg_chambers_temple

Skill      XL: |  1  2  3  4  5  6  7  8  9 10 11 12 |
---------------+-------------------------------------+-----
Unarmed Combat | 3 4 5 6 8 10 12 13 14 15 | 15.0
Shields        | 3 5 |  5.3
Fighting       | 3 5 |  5.0
Dodging        | 2 |  2.0
Spellcasting   | 2 |  2.2
Invocations    | 2 7 |  7.7
Armour         | |  2.4

Action                   |  1- 3 |  4- 6 |  7- 9 | 10-12 || total
-------------------------+-------+-------+-------+-------++-------
Melee: Unarmed           |   131 |   137 |   276 |   427 ||   971
       Bite              |    37 |    33 |    75 |   158 ||   303
Throw: Throwing net      |       |       |     1 |       ||     1
Invok: Recite            |       |       |       |     7 ||     7
       Vitalisation      |       |       |       |     3 ||     3
 Abil: Evoke Invisibilit |       |       |       |     1 ||     1
Evoke: Lightning rod     |       |       |     2 |       ||     2
  Use: Scroll            |       |     5 |     6 |     1 ||    12
       Potion            |       |     1 |       |       ||     1
 Stab: Paralysed         |       |       |     1 |       ||     1
  Eat: Chunk             |     2 |     4 |    10 |    13 ||    29
       Ration            |       |     1 |       |       ||     1
Armor: Scale mail        |    17 |       |       |    26 ||    43
       Chain mail        |    28 |    52 |     3 |       ||    83
       Plate armour      |       |       |    82 |   124 ||   206
Dodge: Dodged            |    29 |    25 |    53 |   113 ||   220
Block: Shield            |    63 |    58 |    92 |   182 ||   395

Table legend:
 A = Non-vault XP
 B = Vault XP
 C = Vault XP percentage of total XP
 D = Non-vault monster count
 E = Vault monster count
 F = Vault count percentage of total count
                 A         B        C        D         E       F
            +---------+---------+-------+---------+---------+-------
      Total |   13719 |    5766 |  29.6 |     248 |      72 |  22.5
            +---------+---------+-------+---------+---------+-------
        D:1 |      35 |       0 |   0.0 |      21 |       0 |   0.0
        D:2 |      41 |     154 |  79.0 |      21 |       7 |  25.0
        D:3 |     297 |       0 |   0.0 |      15 |       0 |   0.0
        D:4 |     468 |     448 |  48.9 |      19 |      15 |  44.1
        D:5 |     554 |       5 |   0.9 |      18 |       1 |   5.3
        D:6 |     930 |     208 |  18.3 |      27 |       1 |   3.6
        D:7 |    1088 |      31 |   2.8 |      28 |       4 |  12.5
        D:8 |    2138 |     996 |  31.8 |      21 |       5 |  19.2
        D:9 |    2317 |     474 |  17.0 |      24 |      32 |  57.1
       D:10 |    3727 |    3025 |  44.8 |      37 |       4 |   9.8
       D:11 |    2124 |     425 |  16.7 |      17 |       3 |  15.0
            +---------+---------+-------+---------+---------+-------
